 Dungeon Crawl Stone Soup version 0.31-a0-152-g6aa68a64a1 (webtiles) character file.

Game seed: 5186336788983694814

7261 qw the Skirmisher (level 11, -7/103 HPs)
             Began as a Naga Hunter on June 9, 2023.
             Was a Priest of Okawaru.
             Mangled by a two-headed ogre
             ... wielding a +0 giant spiked club
             ... summoned by an orange crystal statue
              (24 damage)
             ... on level 9 of the Dungeon.
             The game lasted 00:03:32 (9472 turns).

qw the Skirmisher (Naga Hunter)                     Turns: 9472, Time: 00:03:33

Health: -7/103     AC: 14    Str: 20      XL:     11   Next: 12%
Magic:  13/15      EV: 15    Int:  6 (9)  God:    Okawaru [***...]
Gold:   416        SH:  0    Dex: 19      Spells: 10/10 levels left

rFire   . . .        d - +2 longbow (drain)
rCold   . . .        (shield currently unavailable)
rNeg    . . .        q - +2 acid dragon scales
rPois   +            (no helmet)
rElec   .            i - +0 cloak
rCorr   +            f - +1 pair of gloves
SInv    +            (no barding)
Will    ++...        (no amulet)
Stlth   +++          l - ring of willpower
HPRegen 0.37/turn    o - +6 ring of strength
MPRegen 0.14/turn

%: no passive effects
@: short of breath, heroic, very slow
A: AC +3, large, see invisible, deformed body, poison resistance, slowness 2,
spit poison 1, naga tail 1
a: Spit Poison, Renounce Religion, Heroism


You were on level 9 of the Dungeon.
You worshipped Okawaru.
Okawaru was most pleased with you.
You visited 2 branches of the dungeon, and saw 10 of its levels.

You collected 416 gold pieces.


Innate Abilities, Weirdness & Mutations

Your serpentine skin is tough. (AC +3)
You have supernaturally acute eyesight. (SInv)
Armour fits poorly on your strangely shaped body.
Your system is resistant to poisons. (rPois)
You cover ground very slowly.
You can spit poison.
You have a snake-like lower body.


   Skills:
 - Level 8.1(13.1) Fighting
 + Level 12.0(17.0) Ranged Weapons
 - Level 3.0(8.0) Armour
 - Level 4.2(9.2) Dodging
 - Level 1.5(6.5) Stealth
 - Level 5.5 Invocations


You had 10 spell levels left.
You didn't know any spells.
Your spell library was empty.

Inventory:

Hand Weapons
 d - a +2 longbow of draining (weapon)
 Y - a +0 orcbow of flaming
Armour
 f - a +1 pair of gloves (worn)
 h - the +1 robe of Ziud {rN+ Str+8 Stlth-}
   (You found it on level 9 of the Dungeon)

   Str:       It affects your strength (+8).
   rN:        It protects you from negative energy.
   Stlth:     It makes you less stealthy.
 i - a +0 cloak (worn)
 q - +2 acid dragon scales (worn)
Jewellery
 c - the ring "Zebi" {MP+9 Str+2 Int+4}
   (You found it on level 5 of the Dungeon)

   [ring of magical power]

   Str:       It affects your strength (+2).
   Int:       It affects your intelligence (+4).
   MP:        It affects your magic capacity (+9).
 l - a ring of willpower (left hand)
 o - a +6 ring of strength (right hand)
Wands
 p - a wand of digging (5)
Scrolls
 a - 2 scrolls of identify
Potions
 b - a potion of cancellation
 e - 2 potions of haste
 g - 3 potions of might
 k - a potion of resistance
 m - a potion of magic {unknown}
 r - a potion of curing
 t - a potion of enlightenment {unknown}

Dungeon Overview and Level Annotations

Branches:
Dungeon (9/15)             Temple (1/1) D:4
   Lair: D:8-11         Orc: D:9-12

Altars:
Ashenzari
Cheibriados
Dithmenos
Elyvilon
Fedhas
Gozag
Hepliaklqana
Kikubaaqudgha
Makhleb
Nemelex Xobeh
Okawaru
Qazlal
Ru
Sif Muna
Trog
Uskayaw
Vehumet
Xom
Yredelemnul
Zin
The Shining One

Annotations:
D:3 1 runed translucent door, qw's ghost, amateur GrHu
D:6 1 runed translucent door, Crazy Yiuf
D:8 3 runed translucent doors, qw's ghost, novice MiHu
D:9 2 runed translucent doors, exclusion: orange crystal statue


Message History

9466 ||| ACQUIRING +2 longbow of draining Something appears before you!
The orc warrior hits you from afar with a +0 trident.
d - a +2 longbow of draining You feel like a meek peon again.
The two-headed ogre hits you but does no damage.
The two-headed ogre closely misses you. The orc warrior barely misses you.
9468 ||| SWAPPING to +2 longbow of draining.
Your +0 orcbow of flaming stops flaming.
You sense an unholy aura.
d - a +2 longbow of draining (weapon)
The two-headed ogre looks more healthy.
The two-headed ogre hits you with a +0 giant spiked club. x2
The orc warrior hits you from afar with a +0 trident.
The orc warrior hits you but does no damage.
Enter note:
Enter note:
Enter note:
Enter note: The two-headed ogre attacks as you move away!
The two-headed ogre barely misses you.
The two-headed ogre completely misses you.
You have got your breath back.
Enter note:
Enter note:
Enter note:
Enter note:
9471 ||| INVOKING Heroism.
You gain the combat prowess of a mighty hero.
You can no longer speed up your combat.
The two-headed ogre hits you with a +0 giant spiked club!!
The two-headed ogre completely misses you.
The orc warrior closely misses you.
9472 ||| INVOKING Spit Poison.
Aiming: Spit Poison (1% risk of failure)
Press: ? - help, Shift-Dir - straight line, f/p - two-headed ogre The splash of poison misses the two-headed ogre.
The orc warrior closely misses you.
The two-headed ogre hits you with a +0 giant spiked club!!
You die...

#
#...###.###...##.#
#.## ....###.# #..
$#+#...#Y%# #.
###.###.##...# .
.... #..#...#
..?.o##.##..#
:?8oo.o..+..#
..?.o##O##....#
.... #.@# .##.#
##. #.## # ...
...## #.## #


You could see a two-headed ogre (summoned) and an orc warrior (summoned).

Vanquished Creatures
  A two-headed ogre (D:9)
  A manticore (D:6)
  Maggie (D:6)
  A hornet (D:9)
  Prince Ribbit (D:6)
  A wyvern (D:9)
  A shadow (D:9)
  13 yaks
  2 steam dragons
  A water moccasin (D:7)
  2 sky beasts
  An ice beast (D:5)
  An orc warrior (D:8)
  3 black bears
  A centaur (D:5)
  2 phantoms
  3 kobold brigands
  4 bullfrogs
  2 scorpions (D:5)
  4 wights (D:8)
  9 killer bees (D:8)
  5 howler monkeys
  3 hounds
  4 jellies
  6 orc priests
  A sleepcap (D:6)
  4 iguanas
  5 orc wizards
  4 gnolls (D:5)
  6 adders
  4 white imps
  An ufetubus (D:5)
  2 worms
  3 dart slugs
  32 orcs
  5 endoplasms
  5 giant cockroaches
  8 goblins
  7 hobgoblins
  11 jackals
  4 quokkas
  11 ball pythons
  5 bats
  4 frilled lizards
  17 kobolds
  2 rats (D:1)
214 creatures vanquished.

Notes
Turn   | Place    | Note
-------+----------+-------------------------------------------
     0 | D:1      | qw the Naga Hunter began the quest for the Orb.
     0 | D:1      | Reached XP level 1. HP: 19/19 MP: 1/1
     0 | D:1      | 0 ||| qw: Version: 0.2-a-122-gbc61b45
     0 | D:1      | 0 ||| qw: Game counter: 3396
     0 | D:1      | 0 ||| qw: Always use a shield: true
     0 | D:1      | 0 ||| qw: God list: Okawaru
     0 | D:1      | 0 ||| qw: Allow faded altars: false
     0 | D:1      | 0 ||| qw: Do Orc after D:15 true
     0 | D:1      | 0 ||| qw: Do second Lair branch before Depths: true
     0 | D:1      | 0 ||| qw: Lair rune preference: random
     0 | D:1      | 0 ||| qw: Plans: Normal
     0 | D:1      | 0 ||| PLANNING D:1-11
    70 | D:1      | 70 ||| INVOKING Spit Poison.
    90 | D:1      | 90 ||| INVOKING Spit Poison.
   187 | D:1      | 187 ||| INVOKING Spit Poison.
   197 | D:1      | 197 ||| INVOKING Spit Poison.
   200 | D:1      | 200 ||| INVOKING Spit Poison.
   201 | D:1      | Reached skill level 4 in Ranged Weapons
   201 | D:1      | Reached XP level 2. HP: 26/26 MP: 2/2
   203 | D:1      | 203 ||| INVOKING Spit Poison.
   272 | D:1      | 272 ||| INVOKING Spit Poison.
   305 | D:1      | 305 ||| INVOKING Spit Poison.
   311 | D:1      | 311 ||| INVOKING Spit Poison.
   314 | D:1      | 314 ||| INVOKING Spit Poison.
   318 | D:1      | 318 ||| INVOKING Spit Poison.
   580 | D:1      | 580 ||| INVOKING Spit Poison.
   682 | D:1      | 682 ||| INVOKING Spit Poison.
   700 | D:1      | You fall into a shaft and drop 1 floor!
   719 | D:2      | 719 ||| INVOKING Spit Poison.
   722 | D:2      | Reached XP level 3. HP: 31/32 MP: 3/3
   735 | D:2      | 735 ||| INVOKING Spit Poison.
   739 | D:2      | 739 ||| INVOKING Spit Poison.
   743 | D:2      | 743 ||| INVOKING Spit Poison.
   744 | D:2      | 744 ||| INVOKING Spit Poison.
   749 | D:2      | 749 ||| INVOKING Spit Poison.
   825 | D:2      | 825 ||| INVOKING Spit Poison.
   827 | D:2      | 827 ||| UPGRADING to +0 cloak.
   832 | D:2      | 832 ||| READING 2 scrolls labelled BOTIB VUPU.
   833 | D:2      | 833 ||| READING scroll labelled EMNIUQAGAKK.
   834 | D:2      | 834 ||| READING scroll labelled MYAHOYJ SYU.
   837 | D:2      | 837 ||| DROPPING scroll of butterflies.
  1094 | D:2      | 1094 ||| INVOKING Spit Poison.
  1141 | D:2      | 1141 ||| INVOKING Spit Poison.
  1142 | D:2      | 1142 ||| INVOKING Spit Poison.
  1207 | D:2      | 1207 ||| INVOKING Spit Poison.
  1211 | D:2      | 1211 ||| INVOKING Spit Poison.
  1219 | D:2      | 1219 ||| INVOKING Spit Poison.
  1224 | D:2      | 1224 ||| INVOKING Spit Poison.
  1278 | D:2      | 1278 ||| INVOKING Spit Poison.
  1372 | D:2      | 1372 ||| INVOKING Spit Poison.
  1376 | D:2      | 1376 ||| INVOKING Spit Poison.
  1572 | D:2      | 1572 ||| INVOKING Spit Poison.
  1643 | D:2      | 1643 ||| INVOKING Spit Poison.
  1729 | D:2      | Found a faded altar of an unknown god.
  2032 | D:2      | 2032 ||| UPGRADING to +1 pair of gloves.
  2037 | D:2      | 2037 ||| READING 2 scrolls labelled JUNOACIZXE.
  2038 | D:2      | 2038 ||| READING scroll labelled ATSEF JYENEICK.
  2039 | D:2      | 2039 ||| DROPPING scroll of magic mapping.
  2049 | D:3      | 2049 ||| INVOKING Spit Poison.
  2050 | D:3      | Reached skill level 5 in Ranged Weapons
  2070 | D:3      | 2070 ||| INVOKING Spit Poison.
  2071 | D:3      | Reached XP level 4. HP: 39/39 MP: 4/4
  2085 | D:3      | 2085 ||| INVOKING Spit Poison.
  2088 | D:3      | 2088 ||| INVOKING Spit Poison.
  2105 | D:3      | 2105 ||| INVOKING Spit Poison.
  2109 | D:3      | 2109 ||| INVOKING Spit Poison.
  2116 | D:3      | 2116 ||| INVOKING Spit Poison.
  2278 | D:3      | 2278 ||| INVOKING Spit Poison.
  2391 | D:3      | 2391 ||| INVOKING Spit Poison.
  2454 | D:3      | 2454 ||| INVOKING Spit Poison.
  2525 | D:3      | Found a runed translucent door.
  2525 | D:3      | Noticed qw's ghost (amateur GrHu)
  2572 | D:3      | 2572 ||| INVOKING Spit Poison.
  2780 | D:3      | 2780 ||| READING scroll labelled HEUVUNAM SAORO.
  2781 | D:3      | 2781 ||| READING scroll labelled YFUYRU XOIMAIRGH.
  2782 | D:3      | 2782 ||| DRINKING 2 bubbling grey potions.
  2847 | D:4      | Identified the +9 quarterstaff of Gigoul {heavy, rF+ Int+4}
  2870 | D:4      | 2870 ||| INVOKING Spit Poison.
  2885 | D:4      | 2885 ||| INVOKING Spit Poison.
  2888 | D:4      | Found a white marble altar of Elyvilon.
  2900 | D:4      | Identified the +5 spear of Fedhas's Felicitations {flame,
                  | rC- Dex+5}
  2921 | D:4      | 2921 ||| Stepping ~*~*~tactically~*~*~ (outnumbered).
  2925 | D:4      | 2925 ||| INVOKING Spit Poison.
  2930 | D:4      | 2930 ||| INVOKING Spit Poison.
  2933 | D:4      | Reached skill level 3 in Fighting
  2933 | D:4      | 2933 ||| INVOKING Spit Poison.
  2937 | D:4      | 2937 ||| INVOKING Spit Poison.
  2940 | D:4      | Reached XP level 5. HP: 27/49 MP: 5/5
  2941 | D:4      | 2941 ||| INVOKING Spit Poison.
  3060 | D:4      | Found a staircase to the Ecumenical Temple.
  3061 | D:4      | 3061 ||| PLANNING TEMPLE
  3070 | Temple   | Entered the Ecumenical Temple
  3109 | Temple   | 3109 ||| PLANNING OKAWARU WORSHIP
  3243 | Temple   | Became a worshipper of Warmaster Okawaru
  3243 | Temple   | 3243 ||| PLANNING D:1-11
  3279 | D:4      | 3279 ||| INVOKING Spit Poison.
  3285 | D:4      | 3285 ||| INVOKING Spit Poison.
  3295 | D:4      | 3295 ||| INVOKING Spit Poison.
  3298 | D:4      | 3298 ||| INVOKING Spit Poison.
  3313 | D:4      | 3313 ||| INVOKING Spit Poison.
  3320 | D:4      | 3320 ||| INVOKING Spit Poison.
  3323 | D:4      | 3323 ||| INVOKING Spit Poison.
  3326 | D:4      | 3326 ||| INVOKING Spit Poison.
  3329 | D:4      | 3329 ||| INVOKING Spit Poison.
  3331 | D:4      | Reached skill level 6 in Ranged Weapons
  3331 | D:4      | Reached XP level 6. HP: 37/56 MP: 6/6
  3411 | D:4      | Found a stormy altar of Qazlal.
  3473 | D:4      | Found an opulent altar of Gozag.
  3473 | D:4      | Noticed a black bear
  3479 | D:4      | 3479 ||| INVOKING Spit Poison.
  3480 | D:4      | Killed a black bear
  3480 | D:4      | Reached * piety under Okawaru
  3572 | D:4      | 3572 ||| INVOKING Spit Poison.
  3578 | D:4      | 3578 ||| INVOKING Spit Poison.
  3587 | D:4      | 3587 ||| INVOKING Spit Poison.
  3592 | D:4      | 3592 ||| INVOKING Spit Poison.
  3612 | D:4      | 3612 ||| INVOKING Spit Poison.
  3622 | D:4      | 3622 ||| INVOKING Spit Poison.
  3636 | D:4      | 3636 ||| INVOKING Spit Poison.
  3641 | D:4      | 3641 ||| INVOKING Spit Poison.
  3646 | D:4      | 3646 ||| INVOKING Spit Poison.
  3666 | D:4      | 3666 ||| INVOKING Spit Poison.
  3672 | D:4      | 3672 ||| INVOKING Spit Poison.
  3684 | D:4      | 3684 ||| INVOKING Spit Poison.
  3691 | D:4      | 3691 ||| INVOKING Spit Poison.
  3695 | D:4      | Reached skill level 1 in Invocations
  3695 | D:4      | Reached XP level 7. HP: 50/64 MP: 6/8
  3851 | D:4      | 3851 ||| INVOKING Spit Poison.
  3853 | D:4      | 3853 ||| UPGRADING to ring of willpower.
  3854 | D:4      | 3854 ||| READING scroll labelled ZIN IRICAKLIDO.
  3855 | D:4      | 3855 ||| DRINKING 2 golden potions.
  3856 | D:4      | 3856 ||| DRINKING 3 clear potions.
  3857 | D:4      | 3857 ||| READING 2 scrolls of identify.
  3857 | D:4      | 3857 ||| IDENTIFYING glowing emerald potion
  3858 | D:4      | 3858 ||| DROPPING 2 potions of brilliance.
  3899 | D:5      | Entered Level 5 of the Dungeon
  3909 | D:5      | Identified the ring "Zebi" {MP+9 Str+2 Int+4}
  3937 | D:5      | 3937 ||| INVOKING Heroism.
  3938 | D:5      | 3938 ||| Stepping ~*~*~tactically~*~*~ (outnumbered).
  3940 | D:5      | 3940 ||| Stepping ~*~*~tactically~*~*~ (outnumbered).
  3941 | D:5      | 3941 ||| INVOKING Spit Poison.
  3946 | D:5      | 3946 ||| INVOKING Spit Poison.
  3954 | D:5      | 3954 ||| INVOKING Spit Poison.
  3966 | D:5      | 3966 ||| INVOKING Spit Poison.
  3967 | D:5      | 3967 ||| INVOKING Heroism.
  4006 | D:5      | 4006 ||| INVOKING Spit Poison.
  4068 | D:5      | 4068 ||| SWAPPING to +0 orcbow.
  4087 | D:5      | Reached skill level 3 in Invocations
  4118 | D:5      | 4118 ||| DROPPING +0 shortbow.
  4128 | D:5      | 4128 ||| INVOKING Spit Poison.
  4134 | D:5      | 4134 ||| INVOKING Spit Poison.
  4137 | D:5      | 4137 ||| Stepping ~*~*~tactically~*~*~ (outnumbered).
  4138 | D:5      | 4138 ||| Stepping ~*~*~tactically~*~*~ (outnumbered).
  4139 | D:5      | 4139 ||| INVOKING Spit Poison.
  4144 | D:5      | 4144 ||| INVOKING Spit Poison.
  4147 | D:5      | 4147 ||| INVOKING Spit Poison.
  4152 | D:5      | 4152 ||| INVOKING Spit Poison.
  4155 | D:5      | 4155 ||| FLEEEEING.
  4156 | D:5      | 4156 ||| FLEEEEING.
  4157 | D:5      | 4157 ||| FLEEEEING.
  4158 | D:5      | 4158 ||| FLEEEEING.
  4159 | D:5      | 4159 ||| FLEEEEING.
  4160 | D:5      | 4160 ||| FLEEEEING.
  4161 | D:5      | 4161 ||| FLEEEEING.
  4162 | D:5      | 4162 ||| FLEEEEING.
  4222 | D:5      | 4222 ||| INVOKING Spit Poison.
  4227 | D:5      | 4227 ||| INVOKING Spit Poison.
  4266 | D:5      | 4266 ||| INVOKING Spit Poison.
  4272 | D:5      | 4272 ||| INVOKING Spit Poison.
  4277 | D:5      | Reached skill level 7 in Ranged Weapons
  4277 | D:5      | Reached XP level 8. HP: 53/72 MP: 9/11
  4391 | D:5      | 4391 ||| INVOKING Spit Poison.
  4393 | D:5      | 4393 ||| INVOKING Heroism.
  4394 | D:5      | 4394 ||| INVOKING Spit Poison.
  4395 | D:5      | 4395 ||| Stepping ~*~*~tactically~*~*~ (outnumbered).
  4399 | D:5      | 4399 ||| INVOKING Spit Poison.
  4404 | D:5      | Reached skill level 1 in Armour
  4405 | D:5      | 4405 ||| INVOKING Spit Poison.
  4411 | D:5      | 4411 ||| INVOKING Spit Poison.
  4415 | D:5      | 4415 ||| INVOKING Spit Poison.
  4470 | D:5      | 4470 ||| INVOKING Spit Poison.
  4472 | D:5      | Reached ** piety under Okawaru
  4481 | D:5      | 4481 ||| INVOKING Spit Poison.
  4497 | D:5      | 4497 ||| INVOKING Spit Poison.
  4516 | D:5      | 4516 ||| INVOKING Heroism.
  4675 | D:5      | 4675 ||| INVOKING Spit Poison.
  4688 | D:5      | 4688 ||| INVOKING Heroism.
  4691 | D:5      | 4691 ||| INVOKING Spit Poison.
  4695 | D:5      | Reached skill level 8 in Ranged Weapons
  4952 | D:5      | 4952 ||| UPGRADING to ring "Zebi" {MP+9 Str+2 Int+4}.
  5006 | D:5      | 5006 ||| UPGRADING to +6 ring of strength.
  5049 | D:6      | 5049 ||| Stepping ~*~*~tactically~*~*~ (outnumbered).
  5050 | D:6      | 5050 ||| INVOKING Spit Poison.
  5052 | D:6      | 5052 ||| Stepping ~*~*~tactically~*~*~ (outnumbered).
  5054 | D:6      | 5054 ||| Stepping ~*~*~tactically~*~*~ (outnumbered).
  5056 | D:6      | 5056 ||| Stepping ~*~*~tactically~*~*~ (outnumbered).
  5057 | D:6      | 5057 ||| INVOKING Spit Poison.
  5062 | D:6      | 5062 ||| INVOKING Spit Poison.
  5067 | D:6      | 5067 ||| INVOKING Spit Poison.
  5108 | D:6      | Found a basalt altar of Yredelemnul.
  5113 | D:6      | 5113 ||| INVOKING Heroism.
  5114 | D:6      | 5114 ||| INVOKING Spit Poison.
  5119 | D:6      | 5119 ||| INVOKING Spit Poison.
  5144 | D:6      | 5144 ||| INVOKING Spit Poison.
  5148 | D:6      | 5148 ||| INVOKING Spit Poison.
  5178 | D:6      | Noticed Prince Ribbit
  5179 | D:6      | 5179 ||| INVOKING Heroism.
  5180 | D:6      | 5180 ||| INVOKING Spit Poison.
  5184 | D:6      | 5184 ||| INVOKING Spit Poison.
  5188 | D:6      | 5188 ||| INVOKING Spit Poison.
  5193 | D:6      | Killed Prince Ribbit
  5194 | D:6      | Reached XP level 9. HP: 67/81 MP: 10/12
  5365 | D:6      | Noticed a manticore
  5366 | D:6      | 5366 ||| INVOKING Heroism.
  5367 | D:6      | 5367 ||| INVOKING Spit Poison.
  5374 | D:6      | 5374 ||| INVOKING Spit Poison.
  5376 | D:6      | Killed a manticore
  5377 | D:6      | Reached skill level 9 in Ranged Weapons
  5516 | D:6      | 5516 ||| INVOKING Spit Poison.
  5534 | D:6      | 5534 ||| INVOKING Spit Poison.
  5537 | D:6      | 5537 ||| INVOKING Spit Poison.
  5543 | D:6      | Reached skill level 3 in Dodging
  5596 | D:6      | 5596 ||| INVOKING Spit Poison.
  5599 | D:6      | 5599 ||| INVOKING Spit Poison.
  5687 | D:6      | Found a runed translucent door.
  5688 | D:6      | Noticed Crazy Yiuf
  5832 | D:6      | 5832 ||| INVOKING Heroism.
  5849 | D:6      | Noticed Maggie
  5853 | D:6      | 5853 ||| INVOKING Spit Poison.
  5861 | D:6      | 5861 ||| INVOKING Heroism.
  5862 | D:6      | 5862 ||| INVOKING Spit Poison.
  5866 | D:6      | Killed Maggie
  5867 | D:6      | Reached skill level 6 in Fighting
  6079 | D:6      | 6079 ||| Stepping ~*~*~tactically~*~*~ (outnumbered).
  6081 | D:6      | 6081 ||| Stepping ~*~*~tactically~*~*~ (outnumbered).
  6082 | D:6      | 6082 ||| INVOKING Spit Poison.
  6086 | D:6      | 6086 ||| INVOKING Spit Poison.
  6092 | D:6      | 6092 ||| INVOKING Spit Poison.
  6099 | D:6      | 6099 ||| INVOKING Spit Poison.
  6111 | D:6      | 6111 ||| INVOKING Heroism.
  6112 | D:6      | 6112 ||| INVOKING Spit Poison.
  6120 | D:6      | 6120 ||| INVOKING Spit Poison.
  6244 | D:6      | 6244 ||| INVOKING Spit Poison.
  6250 | D:6      | 6250 ||| INVOKING Spit Poison.
  6257 | D:6      | 6257 ||| INVOKING Spit Poison.
  6294 | D:6      | 6294 ||| INVOKING Spit Poison.
  6410 | D:6      | 6410 ||| INVOKING Heroism.
  6411 | D:6      | 6411 ||| INVOKING Spit Poison.
  6416 | D:6      | Reached skill level 10 in Ranged Weapons
  6416 | D:6      | 6416 ||| Stepping ~*~*~tactically~*~*~ (cloud).
  6549 | D:6      | 6549 ||| INVOKING Spit Poison.
  6737 | D:6      | 6737 ||| UPGRADING to +2 acid dragon scales.
  6747 | D:6      | 6747 ||| DROPPING +0 leather armour.
  6748 | D:6      | 6748 ||| DRINKING 2 smoky dark potions.
  6749 | D:6      | 6749 ||| DRINKING 2 blue potions.
  6750 | D:6      | 6750 ||| DRINKING 2 green potions.
  6813 | D:6      | 6813 ||| DROPPING potion of lignification.
  6873 | D:7      | Found a snail-covered altar of Cheibriados.
  6909 | D:7      | 6909 ||| INVOKING Spit Poison.
  6913 | D:7      | 6913 ||| INVOKING Spit Poison.
  6917 | D:7      | 6917 ||| INVOKING Spit Poison.
  6950 | D:7      | 6950 ||| INVOKING Heroism.
  6951 | D:7      | 6951 ||| INVOKING Spit Poison.
  6952 | D:7      | 6952 ||| Stepping ~*~*~tactically~*~*~ (cloud).
  6954 | D:7      | 6954 ||| Stepping ~*~*~tactically~*~*~ (cloud).
  6955 | D:7      | 6955 ||| INVOKING Spit Poison.
  7015 | D:7      | Reached XP level 10. HP: 94/94 MP: 13/13
  7031 | D:7      | Found a glowing golden altar of the Shining One.
  7124 | D:7      | 7124 ||| INVOKING Spit Poison.
  7127 | D:7      | 7127 ||| INVOKING Spit Poison.
  7149 | D:7      | Found a shimmering blue altar of Sif Muna.
  7296 | D:7      | 7296 ||| INVOKING Spit Poison.
  7299 | D:7      | 7299 ||| Stepping ~*~*~tactically~*~*~ (outnumbered).
  7300 | D:7      | 7300 ||| INVOKING Spit Poison.
  7311 | D:7      | 7311 ||| INVOKING Spit Poison.
  7331 | D:7      | 7331 ||| INVOKING Spit Poison.
  7338 | D:7      | 7338 ||| INVOKING Spit Poison.
  7344 | D:7      | 7344 ||| INVOKING Spit Poison.
  7405 | D:7      | 7405 ||| INVOKING Heroism.
  7567 | D:7      | 7567 ||| DROPPING +6 ring of intelligence.
  7568 | D:7      | 7568 ||| READING scroll labelled MOYKIKLEOCW.
  7569 | D:7      | 7569 ||| READING 3 scrolls labelled JONNUE RETILE.
  7699 | D:7      | 7699 ||| READING scroll labelled NEN NEFOENEPS.
  7700 | D:7      | 7700 ||| READING 2 scrolls of identify.
  7700 | D:7      | 7700 ||| IDENTIFYING bubbling cyan potion
  7701 | D:7      | 7701 ||| DROPPING potion of attraction.
  7702 | D:7      | 7702 ||| DROPPING 2 scrolls of torment.
  7748 | D:8      | 7748 ||| INVOKING Spit Poison.
  7753 | D:8      | 7753 ||| INVOKING Spit Poison.
  7757 | D:8      | 7757 ||| INVOKING Spit Poison.
  7760 | D:8      | 7760 ||| INVOKING Heroism.
  7761 | D:8      | 7761 ||| INVOKING Spit Poison.
  7767 | D:8      | 7767 ||| INVOKING Spit Poison.
  7893 | D:8      | 7893 ||| INVOKING Spit Poison.
  7928 | D:8      | 7928 ||| INVOKING Spit Poison.
  7934 | D:8      | 7934 ||| INVOKING Heroism.
  7935 | D:8      | 7935 ||| INVOKING Spit Poison.
  7941 | D:8      | Reached skill level 11 in Ranged Weapons
  7944 | D:8      | 7944 ||| INVOKING Spit Poison.
  7946 | D:8      | 7946 ||| INVOKING Heroism.
  7947 | D:8      | HP: 17/94 [killer bee (7)]
  7948 | D:8      | 7948 ||| DRINKING 2 potions of heal wounds.
  7949 | D:8      | 7949 ||| INVOKING Spit Poison.
  7957 | D:8      | HP: 22/94 [orc/+0 dagger (2)]
  7958 | D:8      | 7958 ||| DRINKING potion of heal wounds.
  7959 | D:8      | 7959 ||| INVOKING Spit Poison.
  7961 | D:8      | 7961 ||| INVOKING Heroism.
  8138 | D:8      | Found a runed translucent gate.
  8138 | D:8      | Found a runed translucent gate.
  8138 | D:8      | Found a runed translucent gate.
  8140 | D:8      | Noticed qw's ghost (novice MiHu)
  8152 | D:8      | 8152 ||| INVOKING Heroism.
  8260 | D:8      | 8260 ||| INVOKING Spit Poison.
  8581 | D:8      | Found a shadowy altar of Dithmenos.
  8582 | D:8      | Identified the +8 spear of the Eternal Warrior {vamp, rF+
                  | rN+}
  8611 | D:8      | Found the +2 Maxwell's thermic engine {flame, freeze, rev}
  8731 | D:8      | 8731 ||| READING scroll labelled BYCOAC MUIRE.
  8732 | D:8      | 8732 ||| READING 3 scrolls of identify.
  8732 | D:8      | 8732 ||| IDENTIFYING yellow potion
  8733 | D:8      | 8733 ||| READING 2 scrolls of identify.
  8733 | D:8      | 8733 ||| IDENTIFYING orange potion
  8734 | D:8      | 8734 ||| DROPPING potion of degeneration.
  8750 | D:9      | Found a shimmering altar of Xom.
  8758 | D:9      | 8758 ||| INVOKING Spit Poison.
  8762 | D:9      | 8762 ||| INVOKING Spit Poison.
  8832 | D:9      | Noticed a two-headed ogre
  8833 | D:9      | 8833 ||| INVOKING Heroism.
  8835 | D:9      | 8835 ||| INVOKING Spit Poison.
  8839 | D:9      | Killed a two-headed ogre
  8839 | D:9      | Reached *** piety under Okawaru
  8873 | D:9      | 8873 ||| INVOKING Spit Poison.
  8896 | D:9      | 8896 ||| INVOKING Spit Poison.
  8899 | D:9      | Found an ancient bone altar of Kikubaaqudgha.
  8911 | D:9      | Identified the +1 robe of Ziud {rN+ Str+8 Stlth-}
  8929 | D:9      | 8929 ||| INVOKING Spit Poison.
  8967 | D:9      | 8967 ||| INVOKING Spit Poison.
  8971 | D:9      | 8971 ||| INVOKING Spit Poison.
  8975 | D:9      | 8975 ||| INVOKING Spit Poison.
  8978 | D:9      | 8978 ||| INVOKING Spit Poison.
  9107 | D:9      | 9107 ||| INVOKING Spit Poison.
  9139 | D:9      | Found a runed translucent door.
  9146 | D:9      | Reached **** piety under Okawaru
  9154 | D:9      | 9154 ||| INVOKING Spit Poison.
  9161 | D:9      | 9161 ||| INVOKING Spit Poison.
  9171 | D:9      | 9171 ||| INVOKING Spit Poison.
  9174 | D:9      | Reached XP level 11. HP: 103/103 MP: 14/14
  9177 | D:9      | 9177 ||| INVOKING Spit Poison.
  9179 | D:9      | Reached skill level 12 in Ranged Weapons
  9181 | D:9      | 9181 ||| INVOKING Spit Poison.
  9184 | D:9      | 9184 ||| INVOKING Heroism.
  9190 | D:9      | 9190 ||| INVOKING Spit Poison.
  9194 | D:9      | 9194 ||| INVOKING Spit Poison.
  9197 | D:9      | HP: 22/103 [yak (4)]
  9198 | D:9      | 9198 ||| READING scroll of teleportation.
  9199 | D:9      | 9199 ||| INVOKING Spit Poison.
  9202 | D:9      | Reached skill level 3 in Armour
  9202 | D:9      | Found a runed translucent door.
  9202 | D:9      | Noticed an orange crystal statue
  9448 | D:9      | 9448 ||| INVOKING Heroism.
  9452 | D:9      | 9452 ||| INVOKING Spit Poison.
  9456 | D:9      | Noticed a two-headed ogre
  9457 | D:9      | 9457 ||| INVOKING Spit Poison.
  9465 | D:9      | 9465 ||| INVOKING Spit Poison.
  9466 | D:9      | 9466 ||| READING scroll labelled QADUAF XEAH.
  9466 | D:9      | Identified a scroll of acquirement
  9466 | D:9      | 9466 ||| ACQUIRING +2 longbow of draining
  9466 | D:9      | Acquired a +2 longbow of draining
  9468 | D:9      | 9468 ||| SWAPPING to +2 longbow of draining.
  9471 | D:9      | 9471 ||| INVOKING Heroism.
  9471 | D:9      | HP: 16/103 [two-headed ogre/+0 giant spiked club[an orange
                  | crystal statue] (22)]
  9472 | D:9      | 9472 ||| INVOKING Spit Poison.
  9472 | D:9      | Mangled by a two-headed ogre

Levels and vault maps discovered:
D:1:      elethiomel_arrival_maze, layout_basic
D:2:      layout_basic, shapermc_ecumenical_altar_hornbeckon
D:3:      layout_basic, serial_forest, infiniplex_forest_straight_3,
          infiniplex_forest_straight_2, infiniplex_forest_split,
          infiniplex_forest_3_way, hellmonk_ghost_happy_afterlife
D:4:      layout_cave_pools, mainiacjoe_overflow_alcove_4,
          nicolae_qazlal_scattered_showers, mainiacjoe_overflow_tiny_flanked,
          minmay_temple_entry_offerings, minmay_snake_closets
D:5:      minmay_recursive_quarters, layout_basic, minmay_manual_mess
D:6:      layout_loops_corners, mainiacjoe_overflow_cross_hatched, kb_rosetta,
          uniq_prince_ribbit1, uniq_crazy_yiuf_cottage, uniq_maggie
D:7:      layout_gridville, mainiacjoe_overflow_surrounded_room,
          nicolae_sif_muna_condensation, mainiacjoe_overflow_paths
D:8:      layout_layer_cave, grunt_dithmenos_smoke_and_mirrors,
          gammafunk_ghost_necromancy
D:9:      layout_basic, mainiacjoe_overflow_catch_the_wave,
          mainiacjoe_overflow_chevrons, minmay_misc_feat_chi,
          minmay_statue_crystal_thing
Temple:   bh_familiar_temple

Skill      XL: |  1  2  3  4  5  6  7  8  9 10 11 |
---------------+----------------------------------+-----
Ranged Weapons | 4 5 6 7 8 10 11 12 | 12.0
Fighting       | 3 4 5 7 8 |  8.1
Dodging        | 2 3 4 |  4.2
Invocations    | 1 4 5 |  5.5
Armour         | 1 2 3 |  3.0
Stealth        | |  1.5

Action                     |  1- 3 |  4- 6 |  7- 9 | 10-12 || total
---------------------------+-------+-------+-------+-------++-------
   Fire: Shortbow          |    73 |   103 |    21 |       ||   197
         Orcbow            |       |       |   239 |   185 ||   424
 Invoke: Heroism           |       |       |    13 |    10 ||    23
Ability: Spit Poison       |    32 |    39 |    64 |    43 ||   178
    Use: Scroll            |     5 |     2 |     2 |     9 ||    18
         Potion            |       |     1 |     5 |     2 ||     8
 Armour: Leather armour    |     9 |    24 |    43 |       ||    76
         Acid dragon scale |       |       |       |    78 ||    78
  Dodge: Dodged            |    27 |    25 |   102 |   128 ||   282

Table legend:
 A = Non-vault XP
 B = Vault XP
 C = Vault XP percentage of total XP
 D = Non-vault monster count
 E = Vault monster count
 F = Vault count percentage of total count
                 A         B        C        D         E       F
            +---------+---------+-------+---------+---------+-------
      Total |    8380 |    1994 |  19.2 |     190 |      24 |  11.2
            +---------+---------+-------+---------+---------+-------
        D:1 |      30 |       0 |   0.0 |      19 |       0 |   0.0
        D:2 |      47 |       0 |   0.0 |      20 |       0 |   0.0
        D:3 |      34 |       0 |   0.0 |      12 |       0 |   0.0
        D:4 |     517 |      49 |   8.7 |      27 |       9 |  25.0
        D:5 |     751 |     405 |  35.0 |      25 |       9 |  26.5
        D:6 |     921 |    1540 |  62.6 |      24 |       6 |  20.0
        D:7 |     692 |       0 |   0.0 |      19 |       0 |   0.0
        D:8 |    1240 |       0 |   0.0 |      22 |       0 |   0.0
        D:9 |    4148 |       0 |   0.0 |      22 |       0 |   0.0
            +---------+---------+-------+---------+---------+-------
